 Dungeon Crawl Stone Soup version 0.25-a0-366-g516bc45ae0 (webtiles) character file.

Game seed: 315920007246699369, levelgen mode: deterministic

451 Napalmbreeze the Magician (level 6, -3/36 HPs)
             Began as a Deep Elf Earth Elementalist on Jan 6, 2020.
             Was an Initiate of Vehumet.
             Slain by a sky beast (6 damage)
             ... on level 4 of the Dungeon.
             The game lasted 00:10:25 (4660 turns).

Napalmbreeze the Magician (DEEE)                    Turns: 4660, Time: 00:10:26

Health: -3/36      AC:  3    Str:  5    XL:     6   Next: 75%
Magic:  6/16       EV: 13    Int: 22    God:    Vehumet [......]
Gold:   194        SH:  0    Dex: 15    Spells: 7/16 levels left

rFire    . . .     SeeInvis .   j - +0 club
rCold    . . .     Gourm    .   (no shield)
rNeg     . . .     Faith    .   c - +0 robe
rPois    .         Spirit   .   f - +0 helmet
rElec    .         Reflect  .   (no cloak)
rCorr    .         Harm     .   (no gloves)
MR       .....                  (no boots)
Stlth    ++........             e - amulet of magic regeneration
HPRegen  0.12/turn              r - ring of flight
MPRegen  0.40/turn              (no ring)

@: very slightly contaminated
A: no striking features
a: Renounce Religion, Evoke Flight


You were on level 4 of the Dungeon.
You worshipped Vehumet.
Vehumet was noncommittal.
You were very hungry.

You visited 2 branches of the dungeon, and saw 6 of its levels.

You collected 194 gold pieces.

Inventory:

Hand Weapons
 j - a +0 club (weapon)
Missiles
 b - 20 stones (quivered)
Armour
 c - a +0 robe (worn)
 f - a +0 helmet (worn)
 k - a +2 robe of magic resistance
Jewellery
 e - an amulet of magic regeneration (around neck)
 h - an uncursed amulet of harm {unknown}
 r - a ring of flight (left hand)
Wands
 v - a wand of flame (15)
Scrolls
 a - 3 scrolls of teleportation
 g - a scroll of enchant weapon
 i - 2 scrolls of identify
 n - a scroll of magic mapping {unknown}
 o - 2 scrolls of fear
 w - a scroll of immolation {unknown}
Potions
 l - 2 potions of might {unknown}
 m - a potion of berserk rage {unknown}
 p - a potion of brilliance {unknown}
 q - a potion of ambrosia {unknown}
 t - a potion of curing {unknown}
 u - a potion of heal wounds {unknown}
 x - a potion of agility {unknown}
Comestibles
 d - 5 rations


   Skills:
 + Level 2.9 Fighting
 - Level 2.4 Dodging
 - Level 2.4 Stealth
 + Level 5.8 Spellcasting
 + Level 2.9 Conjurations
   Level 1.1 Transmutations
 - Level 5.0 Earth Magic


You had 7 spell levels left.
You knew the following spells:

 Your Spells              Type           Power        Failure   Level  Hunger
a - Sandblast             Erth           ####..       1%          1    None
d - Lee's Rapid Deconstr  Erth           ####......   32%         5    #####..
s - Stone Arrow           Conj/Erth      ###...       5%          3    ##.....

Your spell library contained the following spells:

 Spells                   Type           Power        Failure   Level  Hunger
 Passwall                 Tmut/Erth      ###.....     4%          2    None
 Infusion                 Chrm           #...         10%         1    None
 Petrify                  Tmut/Erth      ###.....     26%         4    ####...


Dungeon Overview and Level Annotations

Branches:
Dungeon (5/15)             Temple (1/1) D:4

Altars:
Ashenzari
Cheibriados
Elyvilon
Fedhas
Gozag
Hepliaklqana
Kikubaaqudgha
Makhleb
Qazlal
Ru
Sif Muna
Vehumet
Yredelemnul
Zin
The Shining One

Annotations:
D:4 Transporter with food, exclusion: downstairs


Message History

Something hits you.
* * * LOW HITPOINT WARNING * * *
Something shocks you.
* * * LOW HITPOINT WARNING * * *
All of the chunks of flesh in your inventory have rotted away.
Unknown command.
Casting: Stone Arrow (safe; 5% risk of failure)
Confirm with . or Enter, or press ? or * to list all spells.
The spell is very dangerous to cast (32% risk of failure)!
Continue anyway?
Aiming: Lee's Rapid Deconstruction (very dangerous; 32% risk of failure)
Press: ? - help, Dir - move target cursor A rock wall.
You miscast Lee's Rapid Deconstruction.
You are very lightly contaminated with residual magic.
Sand pours from your hands.
You are feeling very hungry.
Something hits you.
* * * LOW HITPOINT WARNING * * *
Something shocks you.
You die...

.._...#...........≈≈≈≈≈≈≈≈≈.....#
.P.P....#####.......≈≈≈≈≈.......#
.................................
.....##.##.##..#...##########....
...)###.........>.<..# ####.
###.#.#.#.##..#.#.##.# #. #
#..#.#..##.##..#.#.# #.
###.###.#.......###..# #.
.....#.#.##...##@#.#.##### #.
###.#.#.###)..###{#...##.## #. #
#.###...................# #. #
#.######....#####...##)########
#.##.###.#.## ##.###...<...##
#.#........#######.#########.#.
#.##(###.##....##.#.## #...
###.##.# #####.....###.# #...
....##.###._.8#..##.#.## #..#


There were no monsters in sight!

Vanquished Creatures
  An ogre (D:4)
  An orc wizard (D:4)
  Jessica (D:3)
  Natasha (thrice) (D:2)
  4 worker ants (D:4)
  Robin (D:2)
  4 adders
  3 oozes
  4 worms
  A leopard gecko (D:2)
  9 orcs
  2 ball pythons
  3 giant cockroaches
  6 hobgoblins
  3 jackals (D:4)
  7 kobolds
  3 quokkas
  5 bats
  4 frilled lizards
  5 goblins
  7 rats
77 creatures vanquished.

Notes
Turn   | Place    | Note
-------+----------+-------------------------------------------
     0 | D:1      | Napalmbreeze the Deep Elf Earth Elementalist began the
                  | quest for the Orb.
     0 | D:1      | Reached XP level 1. HP: 10/10 MP: 6/6
   416 | D:1      | Reached XP level 2. HP: 16/16 MP: 5/8
   775 | D:2      | Noticed Robin
   885 | D:2      | Killed Robin
   885 | D:2      | Reached skill level 1 in Fighting
   885 | D:2      | Reached XP level 3. HP: 17/20 MP: 6/10
  1392 | D:2      | Noticed Natasha
  1406 | D:2      | Killed Natasha
  1687 | D:2      | Reached XP level 4. HP: 25/25 MP: 10/12
  1745 | D:2      | Learned a level 3 spell: Stone Arrow
  2194 | D:2      | Found a hazy altar of Hepliaklqana.
  2194 | D:2      | Found a shattered altar of Ashenzari.
  2247 | D:2      | Noticed Natasha
  2254 | D:2      | Killed Natasha
  2490 | D:2      | Reached skill level 1 in Conjurations
  2490 | D:2      | Reached XP level 5. HP: 30/30 MP: 6/13
  2620 | D:2      | Noticed Natasha
  2627 | D:2      | Killed Natasha
  2948 | D:3      | Noticed Jessica
  2950 | D:3      | Killed Jessica
  3072 | D:3      | Reached skill level 5 in Spellcasting
  3657 | D:4      | Found a transporter.
  3657 | D:4      | Found a transporter.
  3677 | D:4      | Reached XP level 6. HP: 36/36 MP: 11/15
  3741 | D:4      | Reached skill level 5 in Earth Magic
  3742 | D:4      | Found a basalt altar of Yredelemnul.
  3809 | D:4      | Found a staircase to the Ecumenical Temple.
  3846 | Temple   | Entered the Ecumenical Temple
  4232 | D:4      | Found a radiant altar of Vehumet.
  4235 | D:4      | Became a worshipper of Vehumet
  4238 | D:4      | Found an ancient bone altar of Kikubaaqudgha.
  4239 | D:4      | Found a shimmering blue altar of Sif Muna.
  4243 | D:4      | Identified Sif Muna's Papyrus of the Old World
  4503 | D:5      | Entered Level 5 of the Dungeon
  4507 | D:5      | Noticed a sky beast
  4519 | D:4      | Learned a level 5 spell: Lee's Rapid Deconstruction
  4628 | D:5      | Noticed a sky beast
  4660 | D:4      | Slain by a sky beast

Levels and vault maps discovered:
D:1:      dpeg_arrival_stonehenge_8_columns, layout_loops_ring
D:2:      layout_basic, gammafunk_temple_overflow_elements, uniq_robin,
          uniq_natasha
D:3:      cheibrodos_old_hovel, layout_basic, first_ration, nrook_loot_triangle,
          uniq_jessica
D:4:      gammafunk_wand_slinger, layout_loops_ring,
          grunt_temple_overflow_magic_moments, yredelemnul_altar_generic,
          temple_pool_b
D:5:      layout_basic, chequers_jeans, elyvilon_altar_1, uniq_eustachio,
          uniq_sigmund, uniq_grinder
Temple:   kb_temple_of_zot

Skill      XL: |  1  2  3  4  5  6 |
---------------+-------------------+-----
Fighting       | 1 2 |  2.9
Spellcasting   | 4 5 |  5.8
Earth Magic    | 4 5 |  5.0
Conjurations   | 1 2 |  2.9
Dodging        | |  2.4
Stealth        | |  2.4
Transmutations | |  1.1

Action                   |  1- 3 |  4- 6 || total
-------------------------+-------+-------++-------
Melee: Club              |     5 |     1 ||     6
       Unarmed           |     2 |       ||     2
 Cast: Sandblast         |    44 |    29 ||    73
       Stone Arrow       |       |    50 ||    50
       Lee's Rapid Decon |       |     2 ||     2
  Use: Potion            |     1 |       ||     1
       Scroll            |       |     5 ||     5
  Eat: Chunk             |     2 |    11 ||    13
Armor: Robe              |     9 |     4 ||    13
Dodge: Dodged            |    24 |     7 ||    31

Table legend:
 A = Non-vault XP
 B = Vault XP
 C = Vault XP percentage of total XP
 D = Non-vault monster count
 E = Vault monster count
 F = Vault count percentage of total count
                 A         B        C        D         E       F
            +---------+---------+-------+---------+---------+-------
      Total |     542 |     103 |  16.0 |      66 |      11 |  14.3
            +---------+---------+-------+---------+---------+-------
        D:1 |      19 |       2 |   9.5 |       9 |       1 |  10.0
        D:2 |     169 |      62 |  26.8 |      27 |       8 |  22.9
        D:3 |      29 |      39 |  57.4 |      11 |       2 |  15.4
        D:4 |     325 |       0 |   0.0 |      19 |       0 |   0.0
            +---------+---------+-------+---------+---------+-------
